Harfangs vs Scraper
Created - 14 janvier 2014 at 23:41
Goals
|
| Harfangs |
0 |
2 |
0 |
2 |
| Scraper |
2 |
2 |
2 |
6 |
|
Shots
|
| Harfangs |
14 |
13 |
4 |
31 |
| Scraper |
8 |
9 |
14 |
31 |
|
1st period
1. Scraper , Alexander Radulov 24 (Aaron Ward) at 2:30
2. Scraper , Petr Sykora 14 (Steven Stamkos) at 15:13
Penalties :
Riley Armstrong (Out) for Hooking (Minor) at 0:05, Alexandre Picard (BEA) for Interference (Minor) at 0:05, Steven Stamkos (Out) for Interference (Minor) at 16:25
2nd period
3. Harfangs , Peter Olvecky 13 (Boyd Gordon, Eric Godard) at 0:15
4. Scraper , Ruslan Fedotenko 15 (Riley Armstrong, Aaron Ward) at 1:41
5. Scraper , Aaron Voros 4 (Riley Armstrong, Ruslan Fedotenko) at 10:33
6. Harfangs , Eric Godard 18 (Nick Holden, Boyd Gordon) at 16:35
Penalties :
Aaron Ward (Out) for Roughing (Minor) at 11:04
3rd period
7. Scraper , Tyler Ennis 30 (Mathieu Dandenault) at 18:07
8. Scraper , Riley Armstrong 5 (Ruslan Fedotenko, Bryan Allen) at 18:17
Penalties :
Riley Armstrong (Out) for Tripping (Minor) at 0:09, Stephane Da Costa (BEA) for Diving (Minor) at 2:45, Luca Caputi (BEA) for Hooking (Minor) at 14:22
Goalie Stats
Marek Schwarz (BEA), 19 saves from 21 shots - (0,905), 29:27 minutes
Ray Emery (BEA), 6 saves from 10 shots - (0,600), L, 15-8-4, 30:33 minutes
Sebastien Caron (Out), 29 saves from 31 shots - (0,935), W, 21-9-3, 60:00 minutes
Players Stats for Harfangs
Player Name G A P +/- PIM S H SB GA TA FO MP PP MP PK MP
------------------------------------------------------------------------------------
Alex Killorn 0 0 0 0 0 0 0 0 1 0 0/2 9:09 0:00 1:01
Alexandre Picard 0 0 0 -1 2 3 0 1 0 0 0/0 14:14 2:41 0:00
Boyd Gordon 0 2 2 0 0 5 0 0 0 0 14/31 21:24 3:02 1:17
Brian Lashoff 0 0 0 -3 0 0 2 3 0 0 0/0 13:45 0:00 2:34
Colton Orr 0 0 0 0 0 4 1 0 0 0 0/0 8:43 0:04 0:00
Dustin Jeffrey 0 0 0 -2 0 1 1 1 0 0 0/1 16:56 2:51 0:00
Eric Godard 1 1 2 1 0 8 2 0 0 1 5/8 25:13 3:02 1:59
James Wisniewski 0 0 0 0 0 4 0 2 1 1 0/0 27:48 4:10 1:48
Luca Caputi 0 0 0 -2 2 0 0 0 0 0 0/0 11:46 0:00 0:00
Matt Keith 0 0 0 0 0 0 0 0 0 0 0/0 0:24 0:04 0:00
Nick Holden 0 1 1 -3 0 0 1 1 0 0 0/0 18:55 1:01 0:00
Pavel Vorobiev 0 0 0 -2 0 3 2 0 0 0 0/1 19:14 2:51 1:37
Peter Olvecky 1 0 1 1 0 1 3 0 0 0 0/0 19:26 3:02 1:01
Petri Kontiola 0 0 0 -2 0 1 1 0 0 1 5/9 16:54 2:51 0:00
Sasha Pokulok 0 0 0 -1 0 0 0 3 0 1 0/0 22:39 2:15 1:44
Stefan Ruzicka 0 0 0 -3 0 0 2 0 1 0 0/0 14:05 0:00 1:01
Stephane Da Costa 0 0 0 -2 2 1 1 0 0 0 2/3 11:55 0:04 0:00
Victor Bartley 0 0 0 -1 0 0 0 3 0 1 0/0 21:30 1:47 1:50
Players Stats for Scraper
Player Name G A P +/- PIM S H SB GA TA FO MP PP MP PK MP
------------------------------------------------------------------------------------
Aaron Voros 1 0 1 1 0 3 0 0 0 0 0/0 10:12 0:00 0:49
Aaron Ward 0 2 2 3 2 1 3 4 1 1 0/0 25:02 2:14 2:19
Alexander Radulov 1 0 1 1 0 2 5 1 0 0 1/1 13:41 0:08 1:41
Andre Petersson 0 0 0 0 0 0 0 0 0 0 0/0 0:00 0:00 0:00
Ben Eager 0 0 0 0 0 2 3 0 0 0 1/1 14:59 1:45 0:00
Bryan Allen 0 1 1 3 0 1 0 2 0 0 0/0 25:56 2:14 3:33
Derek Joslin 0 0 0 0 0 1 1 2 0 0 0/0 17:13 1:44 2:24
Eric Gryba 0 0 0 1 0 0 0 0 0 1 0/0 11:16 0:00 0:42
Ilkka Heikkinen 0 0 0 1 0 0 0 1 0 0 0/0 10:34 0:00 0:00
Jamie Benn 0 0 0 0 0 0 0 0 0 0 0/0 0:00 0:00 0:00
Jerome Flaake 0 0 0 0 0 0 0 0 0 0 0/0 0:00 0:00 0:00
Jerome Samson 0 0 0 1 0 0 0 0 0 0 0/0 9:23 0:00 0:00
Joe Finley 0 0 0 0 0 0 0 0 0 0 0/0 6:17 0:00 0:00
Logan Couture 0 0 0 2 0 1 1 0 0 0 2/2 10:48 0:00 1:13
Martin Hanzal 0 0 0 1 0 1 0 0 0 0 1/3 10:49 0:11 0:00
Mathieu Dandenault 0 1 1 1 0 4 2 0 1 0 2/2 20:42 2:02 3:16
Michael Del Zotto 0 0 0 0 0 0 0 0 0 0 0/0 6:49 0:00 0:32
Petr Sykora 1 0 1 1 0 2 2 1 0 0 0/3 18:09 1:48 1:41
Riley Armstrong 1 2 3 2 4 4 0 0 0 0 15/29 16:27 2:02 0:00
Roman Cervenka 0 0 0 0 0 0 0 0 0 0 0/0 0:00 0:00 0:00
Ruslan Fedotenko 1 2 3 1 0 5 2 0 2 0 6/7 20:40 2:02 3:14
Stanislav Neckar 0 0 0 0 0 0 0 0 0 0 0/0 17:13 1:44 2:24
Steven Stamkos 0 1 1 0 2 2 1 0 1 0 1/7 15:04 1:48 0:00
Tyler Ennis 1 0 1 1 0 2 1 0 0 1 0/0 10:46 0:08 0:00
Vinny Saponari 0 0 0 0 0 0 0 0 0 0 0/0 0:00 0:00 0:00
3 Stars
1 - Ruslan Fedotenko (Out)
2 - Eric Godard (BEA)
3 - Aaron Ward (Out)
Power Play
Harfangs - 0 on 3 Attempt(s) - 0,00%
Scraper - 0 on 2 Attempt(s) - 0,00%
Penalty Kill
Harfangs - 2 on 2 Attempt(s) - 100,00%
- Score 0 goal in Penalty Kill
Scraper - 3 on 3 Attempt(s) - 100,00%
- Score 0 goal in Penalty Kill
Official
Referees : Devorski Paul and O'Rourke Dan
Linesman : Lonnie Cameron and Vaughan Rody
Game Notes
Marek Schwarz enters game at 10:33 of 2nd period
Alexandre Picard is injured at 15:17 of 2nd period (Chest/Ribs)
Finance
Level 1 -- Attendance: 1429 (71,45%) -- Ticket Income 57 160 $
Level 2 -- Attendance: 699 (69,90%) -- Ticket Income 13 980 $
Total Attendance: 2128 (70,93%)
Total Ticket Income: 71 140 $
Other Income: 3 557 $
Total Income: 74 697 $
Harfangs
5 vs 5 Forward
Center Left Wing Right Wing Time % Phy DF OF
1 Boyd Gordon Peter Olvecky Eric Godard 40 1 2 2
2 Petri Kontiola Dustin Jeffrey Pavel Vorobiev 30 1 2 2
3 Stephane Da Costa Luca Caputi Stefan Ruzicka 20 1 2 2
4 Alex Killorn Eric Godard Colton Orr 10 1 2 2
5 vs 5 Defense
Defense Defense Time % Phy DF OF
1 James Wisniewski Alexandre Picard 40 1 2 2
2 Sasha Pokulok Victor Bartley 30 1 2 2
3 Nick Holden Brian Lashoff 20 1 2 2
4 James Wisniewski Alexandre Picard 10 1 2 2
PowerPlay Forward
Center Left Wing Right Wing Time % Phy DF OF
1 Boyd Gordon Peter Olvecky Eric Godard 60 1 2 2
2 Petri Kontiola Dustin Jeffrey Pavel Vorobiev 40 1 2 2
PowerPlay Defense
Defense Defense Time % Phy DF OF
1 James Wisniewski Alexandre Picard 60 1 2 2
2 Sasha Pokulok Victor Bartley 40 1 2 2
Penalty Kill 4 Players Forward
Center Wing Time % Phy DF OF
1 Eric Godard Pavel Vorobiev 60 1 2 2
2 Boyd Gordon Stefan Ruzicka 40 1 2 2
Penalty Kill 4 Players Defense
Defense Defense Time % Phy DF OF
1 James Wisniewski Alexandre Picard 60 1 2 2
2 Sasha Pokulok Victor Bartley 40 1 2 2
Penalty Kill - 3 Players Forward
Forward Time % Phy DF OF
1 Eric Godard 60 1 2 2
2 Pavel Vorobiev 40 1 2 2
Penalty Kill - 3 Players Defense
Defense Defense Time % Phy DF OF
1 James Wisniewski Alexandre Picard 60 1 2 2
2 Sasha Pokulok Victor Bartley 40 1 2 2
4 vs 4 Forward
Center Wing Time % Phy DF OF
1 Eric Godard Pavel Vorobiev 60 1 2 2
2 Boyd Gordon Stefan Ruzicka 40 1 2 2
4 vs 4 Defense
Defense Defense Time % Phy DF OF
1 James Wisniewski Alexandre Picard 60 1 2 2
2 Sasha Pokulok Victor Bartley 40 1 2 2
Last Minutes Offensive
Center Left Wing Right Wing Defense Defense
Boyd Gordon Peter Olvecky Eric Godard James Wisniewski Alexandre Picard
Last Minutes Defensive
Center Left Wing Right Wing Defense Defense
Boyd Gordon Peter Olvecky Eric Godard James Wisniewski Alexandre Picard
Goaltenders
Starting : Ray Emery
Backup : Marek Schwarz
Extra Forwards
Normal : Colton Orr, Stephane Da Costa, Alex Killorn - PP : Colton Orr, Stephane Da Costa - PK : Alex Killorn
Extra Defensemen
Normal : Nick Holden, Brian Lashoff, Sasha Pokulok - PP : Nick Holden - PK : Brian Lashoff, Sasha Pokulok
Penalty Shots
Eric Godard, Pavel Vorobiev, Boyd Gordon, Stefan Ruzicka, Colton Orr
Scraper
5 vs 5 Forward
Center Left Wing Right Wing Time % Phy DF OF
1 Riley Armstrong Ruslan Fedotenko Mathieu Dandenault 40 1 2 2
2 Steven Stamkos Ben Eager Petr Sykora 30 1 2 2
3 Martin Hanzal Tyler Ennis Alexander Radulov 20 1 2 2
4 Logan Couture Aaron Voros Jerome Samson 10 1 2 2
5 vs 5 Defense
Defense Defense Time % Phy DF OF
1 Aaron Ward Bryan Allen 40 1 2 2
2 Stanislav Neckar Derek Joslin 30 1 2 2
3 Ilkka Heikkinen Eric Gryba 20 1 2 2
4 Michael Del Zotto Joe Finley 10 1 2 2
PowerPlay Forward
Center Left Wing Right Wing Time % Phy DF OF
1 Riley Armstrong Ruslan Fedotenko Mathieu Dandenault 60 1 2 2
2 Steven Stamkos Ben Eager Petr Sykora 40 1 2 2
PowerPlay Defense
Defense Defense Time % Phy DF OF
1 Aaron Ward Bryan Allen 60 1 2 2
2 Stanislav Neckar Derek Joslin 40 1 2 2
Penalty Kill 4 Players Forward
Center Wing Time % Phy DF OF
1 Ruslan Fedotenko Mathieu Dandenault 60 1 2 2
2 Petr Sykora Alexander Radulov 40 1 2 2
Penalty Kill 4 Players Defense
Defense Defense Time % Phy DF OF
1 Aaron Ward Bryan Allen 60 1 2 2
2 Stanislav Neckar Derek Joslin 40 1 2 2
Penalty Kill - 3 Players Forward
Forward Time % Phy DF OF
1 Ruslan Fedotenko 60 1 2 2
2 Mathieu Dandenault 40 1 2 2
Penalty Kill - 3 Players Defense
Defense Defense Time % Phy DF OF
1 Aaron Ward Bryan Allen 60 1 2 2
2 Stanislav Neckar Derek Joslin 40 1 2 2
4 vs 4 Forward
Center Wing Time % Phy DF OF
1 Ruslan Fedotenko Mathieu Dandenault 60 1 2 2
2 Petr Sykora Alexander Radulov 40 1 2 2
4 vs 4 Defense
Defense Defense Time % Phy DF OF
1 Aaron Ward Bryan Allen 60 1 2 2
2 Stanislav Neckar Derek Joslin 40 1 2 2
Last Minutes Offensive
Center Left Wing Right Wing Defense Defense
Riley Armstrong Ruslan Fedotenko Mathieu Dandenault Aaron Ward Bryan Allen
Last Minutes Defensive
Center Left Wing Right Wing Defense Defense
Riley Armstrong Ruslan Fedotenko Mathieu Dandenault Aaron Ward Bryan Allen
Goaltenders
Starting : Sebastien Caron
Backup : Peter Mannino
Extra Forwards
Normal : Martin Hanzal, Tyler Ennis, Logan Couture - PP : Martin Hanzal, Tyler Ennis - PK : Logan Couture
Extra Defensemen
Normal : Ilkka Heikkinen, Eric Gryba, Michael Del Zotto - PP : Ilkka Heikkinen - PK : Eric Gryba, Michael Del Zotto
Penalty Shots
Ruslan Fedotenko, Mathieu Dandenault, Petr Sykora, Alexander Radulov, Riley Armstrong
% Time on Ice - Harfangs
Lines # - Real PCT - Wanted PCT - Time Play
Normal Forward
1 - 30% - 40% - 14:20
2 - 30% - 30% - 14:29
3 - 24% - 20% - 11:42
4 - 16% - 10% - 7:35
Normal Defense
1 - 43% - 40% - 20:32
2 - 30% - 30% - 14:14
3 - 22% - 20% - 10:37
4 - 6% - 10% - 2:43
PP Forward
1 - 52% - 60% - 3:06
2 - 48% - 40% - 2:51
PP Defense
1 - 70% - 60% - 4:10
2 - 30% - 40% - 1:47
PK Forward
1 - 74% - 60% - 2:57
2 - 26% - 40% - 1:01
PK Defense
1 - 68% - 60% - 2:43
2 - 32% - 40% - 1:15
PK3 Forward
1 - 0% - 60%
2 - 0% - 40%
PK3 Defense
1 - 0% - 60%
2 - 0% - 40%
44 Forward
1 - 53% - 60% - 1:03
2 - 47% - 40% - 0:56
44 Defense
1 - 66% - 60% - 1:18
2 - 34% - 40% - 0:41
Last Minute Offensive - 0:00
Last Minute Defensive - 0:00
Total
Forward - 60:00
Defense - 60:00
|
% Time on Ice - Scraper
Lines # - Real PCT - Wanted PCT - Time Play
Normal Forward
1 - 31% - 40% - 14:46
2 - 29% - 30% - 13:55
3 - 21% - 20% - 10:02
4 - 20% - 10% - 9:23
Normal Defense
1 - 39% - 40% - 18:44
2 - 26% - 30% - 12:31
3 - 22% - 20% - 10:34
4 - 13% - 10% - 6:17
PP Forward
1 - 55% - 60% - 2:10
2 - 45% - 40% - 1:48
PP Defense
1 - 56% - 60% - 2:14
2 - 44% - 40% - 1:44
PK Forward
1 - 72% - 60% - 4:16
2 - 28% - 40% - 1:41
PK Defense
1 - 60% - 60% - 3:33
2 - 40% - 40% - 2:24
PK3 Forward
1 - 0% - 60%
2 - 0% - 40%
PK3 Defense
1 - 0% - 60%
2 - 0% - 40%
44 Forward
1 - 52% - 60% - 1:02
2 - 48% - 40% - 0:57
44 Defense
1 - 71% - 60% - 1:25
2 - 29% - 40% - 0:34
Last Minute Offensive - 0:00
Last Minute Defensive - 0:00
Total
Forward - 60:00
Defense - 60:00
|
Play by Play
1st period
0:01 of 1st period - Riley Armstrong wins face-off versus Boyd Gordon in neutral zone.
0:05 of 1st period - Minor Penalty to Riley Armstrong for Hooking.
0:05 of 1st period - Minor Penalty to Alexandre Picard for Interference.
0:06 of 1st period - Ruslan Fedotenko wins face-off versus Eric Godard in Harfangs zone.
0:33 of 1st period - Aaron Ward is hit by Stefan Ruzicka and loses puck.
0:50 of 1st period - Victor Bartley is hit by Aaron Ward and loses puck.
0:58 of 1st period - Icing by Victor Bartley.
0:59 of 1st period - Boyd Gordon wins face-off versus Petr Sykora in Harfangs zone.
1:12 of 1st period - Slapshot by Boyd Gordon.
1:12 of 1st period - Stopped by Sebastien Caron with a rebound.
1:28 of 1st period - Wrist shot by Pavel Vorobiev.
1:28 of 1st period - Stopped by Sebastien Caron without a rebound.
1:29 of 1st period - Eric Godard wins face-off versus Ruslan Fedotenko in Scraper zone.
1:42 of 1st period - Snap shot by Pavel Vorobiev.
1:42 of 1st period - Stopped by Sebastien Caron with a rebound.
1:44 of 1st period - Snap shot by Pavel Vorobiev.
1:44 of 1st period - Shot Misses the Net.
1:54 of 1st period - Boyd Gordon is hit by Alexander Radulov.
2:05 of 1st period - Penalty to Riley Armstrong is over, Riley Armstrong is back on ice.
2:05 of 1st period - Penalty to Alexandre Picard is over, Alexandre Picard is back on ice.
2:06 of 1st period - Wrist shot by Boyd Gordon.
2:06 of 1st period - Stopped by Sebastien Caron with a rebound.
2:14 of 1st period - Snap shot by Aaron Ward.
2:14 of 1st period - Shot Misses the Net.
2:30 of 1st period - Backhand shot by Alexander Radulov.
2:30 of 1st period - Goal by Alexander Radulov - Harfangs : 0 - Scraper : 1.
2:31 of 1st period - Boyd Gordon wins face-off versus Riley Armstrong in neutral zone.
2:38 of 1st period - Wrist shot by Boyd Gordon.
2:38 of 1st period - Shot Misses the Net.
2:40 of 1st period - Slapshot by Sasha Pokulok.
2:40 of 1st period - Shot Misses the Net.
2:42 of 1st period - Wrist shot by Peter Olvecky.
2:42 of 1st period - Shot Misses the Net.
2:51 of 1st period - Off-side.
2:52 of 1st period - Martin Hanzal wins face-off versus Dustin Jeffrey in neutral zone.
3:30 of 1st period - Wrist shot by Ruslan Fedotenko.
3:30 of 1st period - Stopped by Ray Emery with a rebound.
4:02 of 1st period - Stanislav Neckar is hit by Eric Godard and loses puck.
4:29 of 1st period - Sasha Pokulok is hit by Alexander Radulov and loses puck.
5:25 of 1st period - Derek Joslin is hit by Eric Godard and loses puck.
5:50 of 1st period - Dustin Jeffrey is hit by Alexander Radulov and loses puck.
6:39 of 1st period - Icing by Petr Sykora.
6:40 of 1st period - Steven Stamkos wins face-off versus Boyd Gordon in Scraper zone.
6:49 of 1st period - Slapshot by Steven Stamkos.
6:49 of 1st period - Stopped by Ray Emery with a rebound.
7:13 of 1st period - Wrist shot by Ruslan Fedotenko.
7:13 of 1st period - Deflect By Pavel Vorobiev.
7:13 of 1st period - Stopped by Ray Emery without a rebound.
7:14 of 1st period - Stephane Da Costa wins face-off versus Steven Stamkos in Harfangs zone.
7:18 of 1st period - Off-side.
7:19 of 1st period - Stephane Da Costa wins face-off versus Steven Stamkos in neutral zone.
7:35 of 1st period - Snap shot by Steven Stamkos.
7:35 of 1st period - Deflect By Ben Eager.
7:35 of 1st period - Stopped by Ray Emery without a rebound.
7:36 of 1st period - Boyd Gordon wins face-off versus Riley Armstrong in Harfangs zone.
7:41 of 1st period - Snap shot by Eric Godard.
7:41 of 1st period - Stopped by Sebastien Caron with a rebound.
7:49 of 1st period - Snap shot by Eric Godard.
7:49 of 1st period - Shot Misses the Net.
7:51 of 1st period - Snap shot by Eric Godard.
7:51 of 1st period - Stopped by Sebastien Caron without a rebound.
7:52 of 1st period - Alexander Radulov wins face-off versus Pavel Vorobiev in Scraper zone.
7:52 of 1st period - Alexander Radulov is hit by Pavel Vorobiev.
8:04 of 1st period - Slapshot by James Wisniewski.
8:04 of 1st period - Stopped by Sebastien Caron without a rebound.
8:05 of 1st period - Riley Armstrong wins face-off versus Boyd Gordon in Scraper zone.
8:20 of 1st period - Wrist shot by Riley Armstrong.
8:20 of 1st period - Shot Blocked by Victor Bartley.
8:32 of 1st period - Dustin Jeffrey is hit by Ben Eager and loses puck.
9:03 of 1st period - Snap shot by Alexander Radulov.
9:03 of 1st period - Stopped by Ray Emery with a rebound.
10:54 of 1st period - Snap shot by Ruslan Fedotenko.
10:54 of 1st period - Shot Blocked by Brian Lashoff.
11:06 of 1st period - Alexandre Picard is hit by Ben Eager and loses puck.
12:13 of 1st period - Derek Joslin is hit by Peter Olvecky and loses puck.
13:35 of 1st period - Snap shot by Eric Godard.
13:35 of 1st period - Stopped by Sebastien Caron without a rebound.
13:36 of 1st period - Boyd Gordon wins face-off versus Martin Hanzal in Scraper zone.
13:41 of 1st period - Wrist shot by Eric Godard.
13:41 of 1st period - Stopped by Sebastien Caron with a rebound.
13:43 of 1st period - Backhand shot by Alexandre Picard.
13:43 of 1st period - Deflect By Bryan Allen.
13:43 of 1st period - Stopped by Sebastien Caron without a rebound.
13:44 of 1st period - Mathieu Dandenault wins face-off versus Boyd Gordon in Scraper zone.
14:19 of 1st period - Wrist shot by Pavel Vorobiev.
14:19 of 1st period - Shot Blocked by Aaron Ward.
15:13 of 1st period - Slapshot by Petr Sykora.
15:13 of 1st period - Goal by Petr Sykora - Harfangs : 0 - Scraper : 2.
15:14 of 1st period - Eric Godard wins face-off versus Riley Armstrong in neutral zone.
15:48 of 1st period - Snap shot by Stephane Da Costa.
15:48 of 1st period - Shot Misses the Net.
15:50 of 1st period - Snap shot by Alexandre Picard.
15:50 of 1st period - Deflect By Ruslan Fedotenko.
15:50 of 1st period - Stopped by Sebastien Caron without a rebound.
15:51 of 1st period - Boyd Gordon wins face-off versus Steven Stamkos in Scraper zone.
15:54 of 1st period - Snap shot by Boyd Gordon.
15:54 of 1st period - Stopped by Sebastien Caron without a rebound.
15:55 of 1st period - Boyd Gordon wins face-off versus Petr Sykora in Scraper zone.
16:04 of 1st period - Snap shot by Eric Godard.
16:04 of 1st period - Stopped by Sebastien Caron with a rebound.
16:08 of 1st period - Snap shot by Boyd Gordon.
16:08 of 1st period - Shot Blocked by Petr Sykora.
16:10 of 1st period - Slapshot by Sasha Pokulok.
16:10 of 1st period - Shot Misses the Net.
16:25 of 1st period - Minor Penalty to Steven Stamkos for Interference.
16:26 of 1st period - Ruslan Fedotenko wins face-off versus Boyd Gordon in Scraper zone.
17:26 of 1st period - Icing by Peter Olvecky.
17:27 of 1st period - Ruslan Fedotenko wins face-off versus Boyd Gordon in Harfangs zone.
17:41 of 1st period - Wrist shot by Pavel Vorobiev.
17:41 of 1st period - Shot Misses the Net.
17:43 of 1st period - Slapshot by James Wisniewski.
17:43 of 1st period - Shot Misses the Net.
17:45 of 1st period - Slapshot by James Wisniewski.
17:45 of 1st period - Stopped by Sebastien Caron without a rebound.
17:46 of 1st period - Ruslan Fedotenko wins face-off versus Boyd Gordon in Scraper zone.
18:25 of 1st period - Penalty to Steven Stamkos is over, Steven Stamkos is back on ice.
18:31 of 1st period - Wrist shot by Aaron Voros.
18:31 of 1st period - Stopped by Ray Emery with a rebound.
18:37 of 1st period - Logan Couture is hit by Stephane Da Costa.
18:41 of 1st period - Luca Caputi is hit by Logan Couture and loses puck.
19:07 of 1st period - Icing by Ilkka Heikkinen.
19:08 of 1st period - Ben Eager wins face-off versus Petri Kontiola in Scraper zone.
19:39 of 1st period - Wrist shot by Eric Godard.
19:39 of 1st period - Shot Misses the Net.
2nd period
0:01 of 2nd period - Boyd Gordon wins face-off versus Riley Armstrong in neutral zone.
0:13 of 2nd period - Wrist shot by Boyd Gordon.
0:13 of 2nd period - Stopped by Sebastien Caron with a rebound.
0:15 of 2nd period - Snap shot by Peter Olvecky.
0:15 of 2nd period - Goal by Peter Olvecky - Harfangs : 1 - Scraper : 2.
0:16 of 2nd period - Riley Armstrong wins face-off versus Boyd Gordon in neutral zone.
1:27 of 2nd period - Backhand shot by Stephane Da Costa.
1:27 of 2nd period - Stopped by Sebastien Caron with a rebound.
1:29 of 2nd period - Snap shot by Stefan Ruzicka.
1:29 of 2nd period - Deflect By Luca Caputi.
1:29 of 2nd period - Shot Misses the Net.
1:29 of 2nd period - Puck is out of play.
1:30 of 2nd period - Riley Armstrong wins face-off versus Stephane Da Costa in Scraper zone.
1:41 of 2nd period - Wrist shot by Ruslan Fedotenko.
1:41 of 2nd period - Goal by Ruslan Fedotenko - Harfangs : 1 - Scraper : 3.
1:42 of 2nd period - Riley Armstrong wins face-off versus Boyd Gordon in neutral zone.
2:16 of 2nd period - Snap shot by Pavel Vorobiev.
2:16 of 2nd period - Shot Misses the Net.
2:18 of 2nd period - Wrist shot by Alexandre Picard.
2:18 of 2nd period - Shot Blocked by Derek Joslin.
2:20 of 2nd period - Slapshot by James Wisniewski.
2:20 of 2nd period - Stopped by Sebastien Caron with a rebound.
2:42 of 2nd period - Snap shot by Steven Stamkos.
2:42 of 2nd period - Shot Blocked by Sasha Pokulok.
3:29 of 2nd period - Snap shot by Stefan Ruzicka.
3:29 of 2nd period - Shot Misses the Net.
3:31 of 2nd period - Wrist shot by Sasha Pokulok.
3:31 of 2nd period - Shot Misses the Net.
3:33 of 2nd period - Slapshot by Victor Bartley.
3:33 of 2nd period - Shot Blocked by Derek Joslin.
3:54 of 2nd period - Off-side.
3:55 of 2nd period - Riley Armstrong wins face-off versus Boyd Gordon in neutral zone.
4:20 of 2nd period - Dustin Jeffrey is hit by Aaron Ward.
4:26 of 2nd period - Snap shot by Pavel Vorobiev.
4:26 of 2nd period - Shot Blocked by Bryan Allen.
5:02 of 2nd period - Dustin Jeffrey is hit by Ruslan Fedotenko and loses puck.
10:33 of 2nd period - Snap shot by Aaron Voros.
10:33 of 2nd period - Goal by Aaron Voros - Harfangs : 1 - Scraper : 4.
10:33 of 2nd period - Marek Schwarz enters game.
10:34 of 2nd period - Boyd Gordon wins face-off versus Riley Armstrong in neutral zone.
10:41 of 2nd period - Snap shot by Peter Olvecky.
10:41 of 2nd period - Shot Misses the Net.
10:43 of 2nd period - Slapshot by Alexandre Picard.
10:43 of 2nd period - Stopped by Sebastien Caron without a rebound.
10:44 of 2nd period - Riley Armstrong wins face-off versus Boyd Gordon in Scraper zone.
11:04 of 2nd period - Minor Penalty to Aaron Ward for Roughing.
11:05 of 2nd period - Ruslan Fedotenko wins face-off versus Boyd Gordon in Scraper zone.
11:38 of 2nd period - Ruslan Fedotenko is hit by Dustin Jeffrey and loses puck.
13:04 of 2nd period - Penalty to Aaron Ward is over, Aaron Ward is back on ice.
13:08 of 2nd period - Wrist shot by Ruslan Fedotenko.
13:08 of 2nd period - Shot Blocked by Sasha Pokulok.
13:16 of 2nd period - Wrist shot by Ruslan Fedotenko.
13:16 of 2nd period - Stopped by Marek Schwarz with a rebound.
13:48 of 2nd period - Stefan Ruzicka is hit by Tyler Ennis and loses puck.
14:41 of 2nd period - Alexandre Picard is hit by Alexander Radulov and loses puck.
15:03 of 2nd period - Snap shot by Logan Couture.
15:03 of 2nd period - Stopped by Marek Schwarz with a rebound.
15:05 of 2nd period - Wrist shot by Aaron Voros.
15:05 of 2nd period - Shot Misses the Net.
15:15 of 2nd period - Slapshot by Riley Armstrong.
15:15 of 2nd period - Stopped by Marek Schwarz with a rebound.
15:17 of 2nd period - Wrist shot by Ruslan Fedotenko.
15:17 of 2nd period - Shot Blocked by Alexandre Picard.
15:17 of 2nd period - Alexandre Picard from Harfangs is injured at 15:17 of 2nd period (Chest/Ribs).
15:18 of 2nd period - Ruslan Fedotenko wins face-off versus Eric Godard in Harfangs zone.
15:47 of 2nd period - Snap shot by Martin Hanzal.
15:47 of 2nd period - Stopped by Marek Schwarz without a rebound.
15:48 of 2nd period - Petri Kontiola wins face-off versus Martin Hanzal in Harfangs zone.
16:17 of 2nd period - Wrist shot by Steven Stamkos.
16:17 of 2nd period - Shot Misses the Net.
16:19 of 2nd period - Snap shot by Ben Eager.
16:19 of 2nd period - Stopped by Marek Schwarz without a rebound.
16:20 of 2nd period - Eric Godard wins face-off versus Steven Stamkos in Harfangs zone.
16:29 of 2nd period - Wrist shot by Eric Godard.
16:29 of 2nd period - Shot Misses the Net.
16:31 of 2nd period - Wrist shot by Eric Godard.
16:31 of 2nd period - Shot Blocked by Aaron Ward.
16:33 of 2nd period - Snap shot by Nick Holden.
16:33 of 2nd period - Shot Blocked by Aaron Ward.
16:35 of 2nd period - Wrist shot by Eric Godard.
16:35 of 2nd period - Goal by Eric Godard - Harfangs : 2 - Scraper : 4.
16:36 of 2nd period - Riley Armstrong wins face-off versus Boyd Gordon in neutral zone.
16:39 of 2nd period - Snap shot by Ruslan Fedotenko.
16:39 of 2nd period - Shot Misses the Net.
17:10 of 2nd period - Snap shot by Dustin Jeffrey.
17:10 of 2nd period - Stopped by Sebastien Caron with a rebound.
17:12 of 2nd period - Wrist shot by Petri Kontiola.
17:12 of 2nd period - Stopped by Sebastien Caron with a rebound.
17:28 of 2nd period - Snap shot by Martin Hanzal.
17:28 of 2nd period - Shot Misses the Net.
17:30 of 2nd period - Snap shot by Bryan Allen.
17:30 of 2nd period - Stopped by Marek Schwarz with a rebound.
17:32 of 2nd period - Wrist shot by Martin Hanzal.
17:32 of 2nd period - Shot Misses the Net.
17:42 of 2nd period - Wrist shot by Logan Couture.
17:42 of 2nd period - Shot Blocked by Victor Bartley.
17:44 of 2nd period - Snap shot by Derek Joslin.
17:44 of 2nd period - Stopped by Marek Schwarz without a rebound.
17:45 of 2nd period - Logan Couture wins face-off versus Alex Killorn in Harfangs zone.
18:16 of 2nd period - Logan Couture is hit by Colton Orr and loses puck.
18:50 of 2nd period - Snap shot by Colton Orr.
18:50 of 2nd period - Shot Misses the Net.
18:52 of 2nd period - Wrist shot by Eric Godard.
18:52 of 2nd period - Stopped by Sebastien Caron with a rebound.
18:54 of 2nd period - Slapshot by Eric Godard.
18:54 of 2nd period - Shot Blocked by Ilkka Heikkinen.
19:02 of 2nd period - Wrist shot by Colton Orr.
19:02 of 2nd period - Stopped by Sebastien Caron with a rebound.
19:04 of 2nd period - Slapshot by Eric Godard.
19:04 of 2nd period - Shot Misses the Net.
19:24 of 2nd period - Wrist shot by Colton Orr.
19:24 of 2nd period - Stopped by Sebastien Caron with a rebound.
19:26 of 2nd period - Snap shot by Eric Godard.
19:26 of 2nd period - Stopped by Sebastien Caron with a rebound.
19:28 of 2nd period - Slapshot by James Wisniewski.
19:28 of 2nd period - Stopped by Sebastien Caron without a rebound.
19:29 of 2nd period - Riley Armstrong wins face-off versus Petri Kontiola in Scraper zone.
19:54 of 2nd period - Luca Caputi is hit by Ben Eager.
3rd period
0:01 of 3rd period - Riley Armstrong wins face-off versus Boyd Gordon in neutral zone.
0:09 of 3rd period - Minor Penalty to Riley Armstrong for Tripping.
0:10 of 3rd period - Mathieu Dandenault wins face-off versus Boyd Gordon in Scraper zone.
0:27 of 3rd period - Aaron Ward is hit by Peter Olvecky and loses puck.
0:40 of 3rd period - Slapshot by Eric Godard.
0:40 of 3rd period - Shot Misses the Net.
2:00 of 3rd period - Stanislav Neckar is hit by Petri Kontiola and loses puck.
2:08 of 3rd period - Icing by Dustin Jeffrey.
2:09 of 3rd period - Penalty to Riley Armstrong is over, Riley Armstrong is back on ice.
2:09 of 3rd period - Petri Kontiola wins face-off versus Steven Stamkos in Harfangs zone.
2:38 of 3rd period - Snap shot by Stephane Da Costa.
2:38 of 3rd period - Shot Blocked by Alexander Radulov.
2:45 of 3rd period - Minor Penalty to Stephane Da Costa for Diving.
2:46 of 3rd period - Riley Armstrong wins face-off versus Eric Godard in Harfangs zone.
2:55 of 3rd period - Wrist shot by Ruslan Fedotenko.
2:55 of 3rd period - Shot Blocked by Brian Lashoff.
2:57 of 3rd period - Slapshot by Riley Armstrong.
2:57 of 3rd period - Stopped by Marek Schwarz with a rebound.
2:59 of 3rd period - Wrist shot by Mathieu Dandenault.
2:59 of 3rd period - Shot Misses the Net.
3:01 of 3rd period - Slapshot by Riley Armstrong.
3:01 of 3rd period - Shot Blocked by Victor Bartley.
3:11 of 3rd period - Petr Sykora is hit by Stefan Ruzicka and loses puck.
3:20 of 3rd period - Snap shot by Steven Stamkos.
3:20 of 3rd period - Stopped by Marek Schwarz without a rebound.
3:21 of 3rd period - Eric Godard wins face-off versus Riley Armstrong in Harfangs zone.
3:21 of 3rd period - Eric Godard is hit by Ruslan Fedotenko.
3:35 of 3rd period - Slapshot by Ruslan Fedotenko.
3:35 of 3rd period - Stopped by Marek Schwarz with a rebound.
3:55 of 3rd period - Pavel Vorobiev is hit by Aaron Ward and loses puck.
4:45 of 3rd period - Penalty to Stephane Da Costa is over, Stephane Da Costa is back on ice.
5:50 of 3rd period - Alexander Radulov is hit by Nick Holden and loses puck.
6:15 of 3rd period - Wrist shot by Riley Armstrong.
6:15 of 3rd period - Stopped by Marek Schwarz with a rebound.
6:39 of 3rd period - Snap shot by Logan Couture.
6:39 of 3rd period - Shot Blocked by Sasha Pokulok.
6:41 of 3rd period - Snap shot by Logan Couture.
6:41 of 3rd period - Deflect By Sasha Pokulok.
6:41 of 3rd period - Shot Misses the Net.
6:41 of 3rd period - Puck is out of play.
6:42 of 3rd period - Logan Couture wins face-off versus Alex Killorn in Harfangs zone.
6:42 of 3rd period - Bryan Allen is hit by Brian Lashoff and loses puck.
6:49 of 3rd period - Slapshot by Bryan Allen.
6:49 of 3rd period - Shot Blocked by Nick Holden.
7:03 of 3rd period - Bryan Allen is hit by Peter Olvecky and loses puck.
7:12 of 3rd period - Wrist shot by Colton Orr.
7:12 of 3rd period - Stopped by Sebastien Caron without a rebound.
7:13 of 3rd period - Petri Kontiola wins face-off versus Riley Armstrong in Scraper zone.
7:14 of 3rd period - Wrist shot by Pavel Vorobiev.
7:14 of 3rd period - Stopped by Sebastien Caron with a rebound.
7:20 of 3rd period - Slapshot by Derek Joslin.
7:20 of 3rd period - Shot Blocked by James Wisniewski.
7:22 of 3rd period - Slapshot by Stanislav Neckar.
7:22 of 3rd period - Shot Blocked by Dustin Jeffrey.
7:24 of 3rd period - Slapshot by Derek Joslin.
7:24 of 3rd period - Shot Misses the Net.
7:26 of 3rd period - Slapshot by Mathieu Dandenault.
7:26 of 3rd period - Stopped by Marek Schwarz without a rebound.
7:27 of 3rd period - Boyd Gordon wins face-off versus Riley Armstrong in Harfangs zone.
7:27 of 3rd period - Boyd Gordon is hit by Mathieu Dandenault.
7:33 of 3rd period - Wrist shot by Boyd Gordon.
7:33 of 3rd period - Shot Blocked by Aaron Ward.
7:52 of 3rd period - Petr Sykora is hit by Brian Lashoff and loses puck.
8:23 of 3rd period - Snap shot by Tyler Ennis.
8:23 of 3rd period - Stopped by Marek Schwarz without a rebound.
8:24 of 3rd period - Riley Armstrong wins face-off versus Boyd Gordon in Harfangs zone.
8:50 of 3rd period - Dustin Jeffrey is hit by Derek Joslin and loses puck.
9:01 of 3rd period - Snap shot by Steven Stamkos.
9:01 of 3rd period - Deflect By Ben Eager.
9:01 of 3rd period - Shot Misses the Net.
9:01 of 3rd period - Puck is out of play.
9:02 of 3rd period - Boyd Gordon wins face-off versus Riley Armstrong in Harfangs zone.
9:06 of 3rd period - Off-side.
9:07 of 3rd period - Boyd Gordon wins face-off versus Riley Armstrong in neutral zone.
9:18 of 3rd period - Slapshot by Aaron Ward.
9:18 of 3rd period - Deflect By Eric Godard.
9:18 of 3rd period - Stopped by Marek Schwarz with a rebound.
9:55 of 3rd period - Snap shot by Aaron Voros.
9:55 of 3rd period - Shot Misses the Net.
10:01 of 3rd period - Slapshot by Aaron Voros.
10:01 of 3rd period - Stopped by Marek Schwarz with a rebound.
10:03 of 3rd period - Wrist shot by Jerome Samson.
10:03 of 3rd period - Shot Misses the Net.
10:05 of 3rd period - Wrist shot by Logan Couture.
10:05 of 3rd period - Shot Misses the Net.
10:49 of 3rd period - Derek Joslin is hit by Pavel Vorobiev and loses puck.
11:24 of 3rd period - Snap shot by Steven Stamkos.
11:24 of 3rd period - Shot Blocked by Brian Lashoff.
12:32 of 3rd period - Snap shot by Colton Orr.
12:32 of 3rd period - Stopped by Sebastien Caron with a rebound.
12:34 of 3rd period - Slapshot by Boyd Gordon.
12:34 of 3rd period - Deflect By Aaron Voros.
12:34 of 3rd period - Stopped by Sebastien Caron without a rebound.
12:35 of 3rd period - Riley Armstrong wins face-off versus Petri Kontiola in Scraper zone.
12:44 of 3rd period - Snap shot by Riley Armstrong.
12:44 of 3rd period - Deflect By Mathieu Dandenault.
12:44 of 3rd period - Stopped by Marek Schwarz without a rebound.
12:45 of 3rd period - Riley Armstrong wins face-off versus Petri Kontiola in Harfangs zone.
12:54 of 3rd period - Snap shot by Riley Armstrong.
12:54 of 3rd period - Shot Misses the Net.
12:56 of 3rd period - Snap shot by Mathieu Dandenault.
12:56 of 3rd period - Shot Blocked by James Wisniewski.
12:58 of 3rd period - Snap shot by Mathieu Dandenault.
12:58 of 3rd period - Stopped by Marek Schwarz without a rebound.
12:59 of 3rd period - Petri Kontiola wins face-off versus Riley Armstrong in Harfangs zone.
13:04 of 3rd period - Pavel Vorobiev is hit by Mathieu Dandenault and loses puck.
13:11 of 3rd period - Snap shot by Mathieu Dandenault.
13:11 of 3rd period - Shot Misses the Net.
13:13 of 3rd period - Wrist shot by Mathieu Dandenault.
13:13 of 3rd period - Stopped by Marek Schwarz without a rebound.
13:14 of 3rd period - Boyd Gordon wins face-off versus Steven Stamkos in Harfangs zone.
13:14 of 3rd period - Boyd Gordon is hit by Petr Sykora.
13:27 of 3rd period - Off-side.
13:28 of 3rd period - Boyd Gordon wins face-off versus Riley Armstrong in neutral zone.
13:59 of 3rd period - Snap shot by Petr Sykora.
13:59 of 3rd period - Stopped by Marek Schwarz with a rebound.
14:22 of 3rd period - Minor Penalty to Luca Caputi for Hooking.
14:23 of 3rd period - Eric Godard wins face-off versus Riley Armstrong in Harfangs zone.
14:50 of 3rd period - James Wisniewski is hit by Petr Sykora and loses puck.
16:17 of 3rd period - Stefan Ruzicka is hit by Alexander Radulov and loses puck.
16:22 of 3rd period - Penalty to Luca Caputi is over, Luca Caputi is back on ice.
18:07 of 3rd period - Snap shot by Tyler Ennis.
18:07 of 3rd period - Goal by Tyler Ennis - Harfangs : 2 - Scraper : 5.
18:08 of 3rd period - Riley Armstrong wins face-off versus Boyd Gordon in neutral zone.
18:17 of 3rd period - Wrist shot by Riley Armstrong.
18:17 of 3rd period - Goal by Riley Armstrong - Harfangs : 2 - Scraper : 6.
18:18 of 3rd period - Boyd Gordon wins face-off versus Riley Armstrong in neutral zone.
18:21 of 3rd period - Slapshot by Victor Bartley.
18:21 of 3rd period - Shot Misses the Net.
18:34 of 3rd period - Snap shot by Boyd Gordon.
18:34 of 3rd period - Deflect By Ruslan Fedotenko.
18:34 of 3rd period - Shot Blocked by Bryan Allen.
18:34 of 3rd period - Puck is out of play.
18:35 of 3rd period - Petri Kontiola wins face-off versus Petr Sykora in Scraper zone.
18:36 of 3rd period - Snap shot by Pavel Vorobiev.
18:36 of 3rd period - Shot Misses the Net.
18:52 of 3rd period - Pavel Vorobiev is hit by Steven Stamkos and loses puck.
Output by the SimonT Hockey Simulator (STHS) for François Prévost -- Original Page W3C XHTML 1.0 Valid